 Dungeon Crawl Stone Soup version 0.30.0-29-ga12c61a403 (webtiles) character file.

Game seed: 11149226169543019100

95 booth the Conjurer (level 4, 0/28 HPs)
             Began as a Gargoyle Reaver on June 22, 2023.
             Slain by Crazy Yiuf
             ... wielding a +3 quarterstaff of chaos
              (8 damage)
             ... on level 2 of the Dungeon.
             The game lasted 00:10:53 (2150 turns).

booth the Conjurer (Gargoyle Reaver)                Turns: 2150, Time: 00:10:53

Health: 0/28       AC:  6    Str: 19 (20) XL:     4   Next: 65%
Magic:  0/0        EV: 11    Int: 12 (13) God:
Gold:   84         SH:  0    Dex:  7 (8)  Spells: 2/8 levels left

rFire   . . .        e - +1 whip (venom)
rCold   + . .        (no shield)
rNeg    + . .        b - +0 leather armour
rPois   ∞            (no helmet)
rElec   +            (no cloak)
rCorr   .            (no gloves)
SInv    .            (no boots)
Will    .....        (no amulet)
Stlth   +            h - ring of Joumpoul {+Blink rC+ MP-9 Str+2}
HPRegen 0.24/turn    (no ring)
MPRegen 0.07/turn

%: no passive effects
@: no status effects
A: sickness immunity, AC +3, negative energy resistance 1, electricity
resistance, torment resistance 1, petrification resistance
a: Evoke Blink


You were on level 2 of the Dungeon.
You visited 1 branch of the dungeon, and saw 2 of its levels.

You collected 84 gold pieces.

Inventory:

Hand Weapons
 a - a +0 mace
 e - a +1 whip of venom (weapon)
Missiles
 f - 5 boomerangs
 k - 5 poisoned darts (quivered)
Armour
 b - a +0 leather armour (worn)
Jewellery
 h - the ring of Joumpoul (left hand) {+Blink rC+ MP-9 Str+2}
   (You found it on level 2 of the Dungeon)

   [ring of protection from cold]

   Str:       It affects your strength (+2).
   rC:        It protects you from cold.
   MP:        It affects your magic capacity (-9).
   +Blink:    It lets you blink.
Scrolls
 j - 2 scrolls of identify {unknown}
Potions
 c - a potion of cancellation {unknown}
 d - a potion of curing
 g - a potion of magic {unknown}
 i - a potion of berserk rage {unknown}


   Skills:
 + Level 3.0 Fighting
 + Level 3.5 Maces & Flails
 + Level 2.2 Dodging
 + Level 2.6 Spellcasting
 + Level 3.9 Conjurations


You had 2 spell levels left.
You knew the following spells:

 Your Spells              Type           Power      Damage    Failure   Level
a - Kiss of Death         Conj/Necr      24%        2d7       14%         1
b - Momentum Strike       Conj/Tloc      12%        3d8       21%         2
c - Hailstorm             Conj/Ice       6%         3d4       38%         3

Your spell library contained the following spells:

 Spells                   Type           Power      Damage    Failure   Level


Dungeon Overview and Level Annotations

Branches:
Dungeon (2/15)

Altars:
Trog

Annotations:
D:2 Crazy Yiuf


Innate Abilities, Weirdness & Mutations

You are immune to sickness and miasma.
Your stone body is resilient. (AC +3)
You are immune to poison.
You resist negative energy. (rN+)
You are resistant to electric shocks. (rElec)
You are resistant to unholy torment.
You are immune to petrification.


Message History

You closely miss Crazy Yiuf.
Crazy Yiuf is lightly wounded.
Crazy Yiuf closely misses you.
You completely miss Crazy Yiuf.
Crazy Yiuf is lightly wounded.
Crazy Yiuf says, "Gnoll!"
Crazy Yiuf hits you with a +3 quarterstaff of chaos!
You closely miss Crazy Yiuf.
Crazy Yiuf is moderately wounded.
Crazy Yiuf hits you with a +3 quarterstaff of chaos!
* * * LOW HITPOINT WARNING * * *
You closely miss Crazy Yiuf.
Crazy Yiuf is moderately wounded.
Crazy Yiuf sings, "Trees, trees, trees, circus!"
Crazy Yiuf hits you with a +3 quarterstaff of chaos.
* * * LOW HITPOINT WARNING * * *
Throw: 6 darts (poison)
Press: ? - help, Q - select action, (/) - cycle Shift-Dir - straight line, f - Crazy Yiuf
Aim: Crazy Yiuf, wielding a +3 quarterstaff of chaos and wearing a +1 cloak (moderately wounded, very poisoned, 56% to hit)
You throw a poisoned dart. The poisoned dart hits Crazy Yiuf.
Crazy Yiuf is moderately wounded.
Crazy Yiuf hits you but does no damage.
It was a potion of curing.
You feel better. Crazy Yiuf completely misses you.
You hit Crazy Yiuf.
Crazy Yiuf looks even sicker.
Crazy Yiuf is heavily wounded.
Crazy Yiuf barely misses you.
You barely miss Crazy Yiuf.
Crazy Yiuf is heavily wounded.
Crazy Yiuf laughs, "Rifle infinity Xom!"
Crazy Yiuf closely misses you.
You barely miss Crazy Yiuf.
Crazy Yiuf is heavily wounded.
Crazy Yiuf hits you with a +3 quarterstaff of chaos!
Crazy Yiuf burns you.
* * * LOW HITPOINT WARNING * * *
You closely miss Crazy Yiuf.
Crazy Yiuf is heavily wounded.
Crazy Yiuf glowers.
Crazy Yiuf hits you with a +3 quarterstaff of chaos!
You die...

.......................##.#
....#.....#.##.........##.#
..........#.##.........##.#
....#....################.#######
.........# #........ .........#
♣♣♣♣♣##.####### .........# ###
♣♣♣.♣...#..# # .........#
#...#♣..♣.......###### .........#
#...g@♣♣♣♣.)....##.... ..#.(....#
#)..#♣♣ ♣♣..#.###.### ..#)#....#
### ♣♣##........ .........#
#........ ..#.##...# #.###.##.
..)......####################.##.
............................#.##.
....).........................##.
#.####..#.#..####....######.#.##.


You could see Crazy Yiuf (very poisoned).

Vanquished Creatures
  Natasha (twice) (D:2)
  2 dart slugs (D:2)
  3 ball pythons (D:1)
  3 endoplasms (D:2)
  2 giant cockroaches (D:2)
  3 goblins
  5 hobgoblins
  3 jackals (D:2)
  A quokka (D:1)
  3 bats
  A frilled lizard (D:2)
  7 kobolds
  2 rats
37 creatures vanquished.

Notes
Turn   | Place    | Note
-------+----------+-------------------------------------------
     0 | D:1      | booth the Gargoyle Reaver began the quest for the Orb.
     0 | D:1      | Reached XP level 1. HP: 12/12 MP: 3/3
   365 | D:1      | Reached XP level 2. HP: 10/18 MP: 5/5
   368 | D:1      | Learned a level 2 spell: Momentum Strike
  1288 | D:2      | Reached XP level 3. HP: 22/22 MP: 6/6
  1292 | D:2      | Learned a level 3 spell: Hailstorm
  1346 | D:2      | Identified the ring of Joumpoul {+Blink rC+ MP-9 Str+2}
  1537 | D:2      | Found a bloodstained altar of Trog.
  1838 | D:2      | Noticed Natasha
  1854 | D:2      | Killed Natasha
  1855 | D:2      | Reached XP level 4. HP: 3/27 MP: 0/7
  1939 | D:2      | Noticed Natasha
  1955 | D:2      | Killed Natasha
  2018 | D:2      | Found a faded altar of an unknown god.
  2135 | D:2      | Found a runed translucent door.
  2136 | D:2      | Noticed Crazy Yiuf
  2150 | D:2      | Slain by Crazy Yiuf

Illustrated notes

Levels and vault maps discovered:
D:1:      moated_graveyard_arrival, layout_basic, serial_forest,
          infiniplex_forest_clump_medium, infiniplex_forest_lined_room_2,
          infiniplex_forest_straight_4, infiniplex_forest_clump_tiny,
          infiniplex_forest_clump_C, infiniplex_forest_straight_3,
          serial_bayou_lagoon_b
D:2:      layout_basic, basic_altar, chequers_ecumenical_altar_simple,
          uniq_natasha, uniq_crazy_yiuf_cottage

Skill      XL: |  1  2  3  4 |
---------------+-------------+-----
Dodging        | 2 |  2.2
Fighting       | 3 |  3.0
Maces & Flails | |  3.5
Spellcasting   | |  2.6
Conjurations   | |  3.9

Action                     |  1- 3 |  4- 6 || total
---------------------------+-------+-------++-------
  Melee: Mace              |    21 |       ||    21
         Whip              |    94 |    24 ||   118
         Punch             |       |     1 ||     1
  Throw: Dart              |       |     1 ||     1
    Use: Scroll            |     3 |       ||     3
         Potion            |     1 |     1 ||     2
 Armour: Leather armour    |    37 |     7 ||    44
  Dodge: Dodged            |    68 |    18 ||    86
